 Dungeon Crawl Stone Soup version 0.30-a0-4-ga7cffc901d (webtiles) character file.

Game seed: 13019493422908366967

182 frimble the Digger (level 5, -2/57 HPs)
             Began as a Demonspawn Earth Elementalist on Aug 20, 2022.
             Slain by a river rat (6 damage)
             ... on level 3 of the Dungeon.
             The game lasted 00:05:20 (3291 turns).

frimble the Digger (Demonspawn Earth Elementalist)  Turns: 3291, Time: 00:05:21

Health: -2/57      AC: 22    Str:  9    XL:     5   Next: 34%
Magic:  2/8        EV:  2    Int: 16    God:
Gold:   170        SH:  0    Dex: 15    Spells: 7/8 levels left

rFire   . . .      SeeInvis .    d - +0 dagger
rCold   . . .      Faith    .    (no shield)
rNeg    . . .      Spirit   .    (body armour currently unavailable)
rPois   +          Reflect  .    (helmet currently unavailable)
rElec   .          Harm     .    (cloak currently unavailable)
rCorr   .          Rampage  .    (gloves currently unavailable)
Will    .....      NoTele   +    (boots currently unavailable)
Stlth   ++........               (no amulet)
HPRegen 0.19/turn                (no ring)
MPRegen 0.11/turn                (no ring)

@: tree-form
A: stationary, stasis, torment immunity, boosted hp, (spiny 1), (sturdy frame 1)
a: no special abilities


You were on level 3 of the Dungeon.
You were a tree.
You visited 1 branch of the dungeon, and saw 3 of its levels.

You collected 170 gold pieces.

Inventory:

Hand Weapons
 d - a +0 dagger (weapon)
Armour
 a - a +0 robe
 b - a +0 pair of gloves (melded)
 c - a +0 chain mail
 h - a +0 leather armour (melded)
Scrolls
 e - 2 scrolls of identify
 f - a scroll of brand weapon {unknown}
 i - a scroll of fog {unknown}


   Skills:
 - Level 2.0 Fighting
 + Level 0.9 Short Blades
 - Level 1.7 Dodging
 - Level 1.7 Stealth
 - Level 2.0 Spellcasting
 - Level 3.0 Transmutations
 - Level 3.9 Earth Magic


You had 7 spell levels left.
You knew the following spells:

 Your Spells              Type           Power      Damage    Failure   Level
a - Sandblast             Erth           28%        2d8       4%          1

Your spell library contained the following spells:

 Spells                   Type           Power      Damage    Failure   Level
 Passwall                 Tmut/Erth      10%        N/A       8%          2
 Stone Arrow              Conj/Erth      14%        3d7       28%         3
 Petrify                  Tmut/Erth      12%        N/A       45%         4


Dungeon Overview and Level Annotations

Branches:
Dungeon (3/15)

Altars:
Hepliaklqana
Ru

Annotations:
D:3 exclusions: rat and water moccasin


Innate Abilities, Weirdness & Mutations

You are a tree.
Your roots penetrate the ground, keeping you stationary.
You cannot be teleported.
You are immune to unholy pain and torment.
Your maximum health is greatly increased.
Your equipment is partially melded.
((You are partially covered in sharp spines.))
((Your movements are slightly less encumbered by armour. (ER -2)))


Message History

Press: ? - help, Q - select action Shift-Dir - straight line, f - river rat
Aim: a river rat (moderately wounded, 80% to hit)
The blast of sand misses the river rat.
The blast of sand hits the rat!
You kill the rat!
The river rat bites you. The river rat closely misses you.
Aiming: Sandblast (safe; 4% risk of failure)
Press: ? - help, Q - select action Shift-Dir - straight line, f/p - river rat
Aim: a river rat (lightly wounded, 80% to hit)
The blast of sand hits the river rat.
The river rat is heavily wounded.
The river rat barely misses you.
Aiming: Sandblast (safe; 4% risk of failure)
Press: ? - help, Q - select action Shift-Dir - straight line, f/p - river rat
Aim: a river rat (heavily wounded, 80% to hit)
The blast of sand hits the river rat but does no damage.
The river rat is heavily wounded.
The river rat bites you!
* * * LOW HITPOINT WARNING * * *
The river rat bites you.
* * * LOW HITPOINT WARNING * * *
Really quaff the potion of lignification?
You turn into a tree.
Your +0 pair of gloves melds into your body.
Your +0 leather armour melds into your body.
Your roots penetrate the ground.
The river rat bites you but does no damage.
Aiming: Sandblast (safe; 4% risk of failure)
Press: ? - help, Q - select action Shift-Dir - straight line, f/p - river rat
Aim: a river rat (heavily wounded, 80% to hit)
The blast of sand hits the river rat but does no damage.
The river rat is heavily wounded.
The river rat bites you but does no damage.
Aiming: Sandblast (safe; 4% risk of failure)
Press: ? - help, Q - select action Shift-Dir - straight line, f/p - river rat
Aim: a river rat (heavily wounded, 80% to hit)
The blast of sand hits the river rat.
The river rat is severely wounded.
The river rat bites you but does no damage.
The river rat bites you.
You die...

#...~~#####
#...~~~~~~#
#......~~~#
#......r..#
#.........#
#..######.#
####r.......
##.##r#######
##.#.#♣#
#########.###..#
............##.#
#..#.♣.#.#.#.##
#......#...##
#.♣...♣....##
#...........##
#...>........#
#............#


You could see a river rat and a rat.

Vanquished Creatures
  An orc priest (D:3)
  An orc wizard (D:3)
  A gnoll (D:1)
  A river rat (D:3)
  2 adders (D:3)
  4 worms
  4 dart slugs
  6 ball pythons
  10 bats
  4 endoplasms
  3 giant cockroaches
  6 goblins
  7 hobgoblins
  4 jackals (D:1)
  3 quokkas
  6 frilled lizards
  4 kobolds
  4 rats
71 creatures vanquished.

Vanquished Creatures (others)
  4 plants (D:3)
4 creatures vanquished.

Grand Total: 75 creatures vanquished

Notes
Turn   | Place    | Note
-------+----------+-------------------------------------------
     0 | D:1      | frimble the Demonspawn Earth Elementalist began the quest
                  | for the Orb.
     0 | D:1      | Reached XP level 1. HP: 13/13 MP: 3/3
    64 | D:1      | Reached skill level 1 in Transmutations
   233 | D:1      | Gained mutation: Your movements are slightly less
                  | encumbered by armour. (ER -2) [demonic ancestry]
   233 | D:1      | Reached XP level 2. HP: 19/19 MP: 3/5
   791 | D:1      | Found a faded altar of an unknown god.
   844 | D:1      | Gained mutation: You are partially covered in sharp spines.
                  | [demonic ancestry]
   844 | D:1      | Reached XP level 3. HP: 10/24 MP: 2/6
  1839 | D:2      | Reached skill level 1 in Fighting
  2041 | D:2      | Found a hazy altar of Hepliaklqana.
  2180 | D:2      | Reached XP level 4. HP: 33/33 MP: 7/7
  2950 | D:3      | Found a sacrificial altar of Ru.
  3099 | D:3      | Noticed a water moccasin
  3163 | D:3      | Reached XP level 5. HP: 38/38 MP: 5/8
  3291 | D:3      | Slain by a river rat

Illustrated notes

Levels and vault maps discovered:
D:1:      ncdulo_smallfort, layout_loops_ring, shapermc_ecumenical_altar_ellora
D:2:      layout_basic, basic_altar
D:3:      layout_loops_ring, nicolae_ru_great_annihilating_truth,
          portal_sewer_entry_e, grunt_ministairs_2, guppyfry_early_lair_pool

Skill      XL: |  1  2  3  4 |
---------------+-------------+-----
Transmutations | 1 2 3 |  3.0
Fighting       | 1 2 |  2.0
Earth Magic    | 3 |  3.9
Short Blades   | |  0.9
Dodging        | |  1.7
Stealth        | |  1.7
Spellcasting   | |  2.0

Action                   |  1- 3 |  4- 6 || total
-------------------------+-------+-------++-------
Melee: Unarmed           |    11 |       ||    11
       Dagger            |    32 |    63 ||    95
 Cast: Sandblast         |    51 |    24 ||    75
  Use: Scroll            |     2 |     2 ||     4
       Potion            |     1 |     1 ||     2
 Stab: Sleeping          |     3 |     3 ||     6
Armor: Robe              |    10 |     3 ||    13
       Leather armour    |       |     6 ||     6
       Skin              |       |     3 ||     3
Dodge: Dodged            |    48 |    33 ||    81

Table legend: (Time is in decaauts)
 A = Elapsed time spent in this place.
 B = Non-inter-level travel time spent in this place.
 C = Inter-level travel time spent in this place.
 D = Time resting spent in this place.
 E = Time spent auto-exploring this place.
 F = Levels seen in this place.
 G = Mean time per level.
                   A        B        C        D        E       F      G
               +--------+--------+--------+--------+--------+-----+--------+
         Total |   3328 |   3243 |     85 |      0 |   2692 |   3 | 1109.3 |
       Dungeon |   3328 |   3243 |     85 |      0 |   2692 |   3 | 1109.3 |
               +--------+--------+--------+--------+--------+-----+--------+

Top non-repeatable levels by time:
     D:1: 1833 daAuts
     D:2: 1051 daAuts
     D:3: 443 daAuts
